 Dungeon Crawl Stone Soup version 0.29.0-4-gdea44cf6ec (webtiles) character file.

Game seed: 5870543568457094187

1621 qw the Cleaver (level 8, 0/49 HPs)
             Began as a Tengu Warper on Aug 28, 2022.
             Slain by a wight
             ... wielding a +2 morningstar of freezing
              (1 damage)
             ... on level 6 of the Dungeon.
             The game lasted 00:00:42 (7014 turns).

qw the Cleaver (Tengu Warper)                       Turns: 7014, Time: 00:00:42

Health: 0/49       AC:  6    Str: 20    XL:     8   Next: 96%
Magic:  12/12      EV: 13    Int: 14    God:
Gold:   382        SH:  0    Dex: 13    Spells: 11/11 levels left

rFire   . . .      SeeInvis .   Y - +2 hand axe
rCold   . . .      Faith    .   (no shield)
rNeg    . . .      Spirit   .   h - +0 scale mail
rPois   .          Reflect  .   (helmet restricted)
rElec   .          Harm     .   (no cloak)
rCorr   .          Rampage  .   (no gloves)
Will    .....                   (boots unavailable)
Stlth   ..........              (no amulet)
HPRegen 0.16/turn               o - +6 ring of strength
MPRegen 0.13/turn               (no ring)

@: flying quickly and evasively, quick
A: beak, talons 3, nimble flight, horns 1
a: no special abilities


You were on level 6 of the Dungeon.
You visited 2 branches of the dungeon, and saw 7 of its levels.

You collected 382 gold pieces.


Innate Abilities, Weirdness & Mutations

You have a beak for a mouth.
You have claws for feet.
Your magical nature lets you fly swiftly and evasively.
You have a pair of small horns on your head.


   Skills:
 - Level 5.0 Fighting
 + Level 10.6 Axes
 - Level 1.0 Throwing
 - Level 2.2 Armour
 - Level 3.1 Dodging
 - Level 2.0 Spellcasting
 - Level 2.4 Translocations


You had 11 spell levels left.
You didn't know any spells.
Your spell library contained the following spells:

 Spells                   Type           Power      Damage    Failure   Level
 Blink                    Tloc           16%        N/A       36%         2
 Gell's Gravitas          Tloc           8%         N/A       61%         3
 Lesser Beckoning         Tloc           8%         N/A       61%         3
 Teleport Other           Tloc           8%         N/A       61%         3
 Manifold Assault         Tloc           8%         N/A       100%        5

Inventory:

Hand Weapons
 d - a +0 morningstar
 Y - a +2 hand axe (weapon)
Missiles
 b - 2 boomerangs (quivered)
Armour
 c - a +0 chain mail
 h - a +0 scale mail (worn)
Jewellery
 o - a +6 ring of strength (left hand)
Scrolls
 a - a scroll of identify
Potions
 g - 3 potions of curing
 i - 2 potions of might
 n - 2 potions of mutation

Dungeon Overview and Level Annotations

Branches:
Dungeon (6/15)             Temple (1/1) D:5

Altars:
Ashenzari
Cheibriados
Dithmenos
Elyvilon
Fedhas
Gozag
Hepliaklqana
Kikubaaqudgha
Makhleb
Nemelex Xobeh
Qazlal
Ru
Sif Muna
Trog
Uskayaw
Vehumet
Wu Jian
Xom
Yredelemnul
Zin
The Shining One


Message History

The wight closely misses you.
You slash the wight!
You destroy the wight!
Your life force feels restored.
You start resting.
A wight comes into view. It is wielding a +0 battleaxe.
6981 ||| Stepping ~*~*~tactically~*~*~ (stealth).
You start resting.
HP restored.
Items here: %% ) [.
Found a potion of lignification.
You see here a potion of lignification.
A hound, a phantom and 2 wights come into view.
A wight is wielding a +2 morningstar of freezing.
The hound barks!
The hound closely misses you. The wight closely misses you.
The wight barely misses you.
You hit the wight but do no damage. Your headbutt misses the wight.
You hit the hound. The hound bites you but does no damage.
You miss the hound.
The hound is lightly wounded.
You hit the wight but do no damage.
The wight hits you with a +2 morningstar of freezing!
The wight freezes you.
The wight hits you from afar with a +0 halberd!
The hound closely misses you.
You hit the hound. Your kick misses the hound. You peck the hound.
The hound is severely wounded.
You hit the wight. The hound bites you but does no damage.
The wight hits you with a +2 morningstar of freezing.
The wight freezes you.
The wight hits you from afar with a +0 halberd!
You slash the hound!
You kill the hound!
You closely miss the wight.
The wight hits you with a +2 morningstar of freezing.
The wight freezes you.
You die...

####.........#.#
..........#..#.#.#.##
#########)#..#.#....
####.#..#!#...#
#.........#...#
#.........#...#
#.........#.z.#
............#zW.#
#.##.........#@..###.
# #.................#
#............######
#####............
#.###..#.#### #.
.....# # .###### .. #


You could see a phantom and 2 wights.

Vanquished Creatures
  Prince Ribbit (D:5)
  2 ice beasts (D:5)
  A sky beast (D:5)
  2 ogres (D:5)
  2 phantoms
  A necrophage (D:5)
  Blork the orc (D:5)
  2 scorpions
  A wight (D:6)
  2 howler monkeys (D:6)
  2 orc priests
  4 hounds
  Ijyb (D:5)
  2 orc wizards
  2 iguanas (D:5)
  9 adders
  An ufetubus (D:5)
  2 worms
  6 dart slugs
  12 orcs
  8 ball pythons
  6 bats
  6 endoplasms
  7 giant cockroaches
  5 goblins
  10 hobgoblins
  3 jackals (D:2)
  11 kobolds
  5 quokkas
  4 frilled lizards
  3 rats
124 creatures vanquished.

Notes
Turn   | Place    | Note
-------+----------+-------------------------------------------
     0 | D:1      | qw the Tengu Warper began the quest for the Orb.
     0 | D:1      | Reached XP level 1. HP: 12/12 MP: 4/4
     0 | D:1      | 0 ||| qw: Version: 0.1-a-89-g26bdef1
     0 | D:1      | 0 ||| qw: Game counter: 1326
     0 | D:1      | 0 ||| qw: Always use a shield: true
     0 | D:1      | 0 ||| qw: God list: Okawaru
     0 | D:1      | 0 ||| qw: Allow faded altars: false
     0 | D:1      | 0 ||| qw: Do Orc after D:15 true
     0 | D:1      | 0 ||| qw: Do second Lair branch before Depths: true
     0 | D:1      | 0 ||| qw: Lair rune preference: random
     0 | D:1      | 0 ||| qw: Plans: Normal
     0 | D:1      | 0 ||| PLANNING D:1-11
    36 | D:1      | 36 ||| Stepping ~*~*~tactically~*~*~ (hiding).
    37 | D:1      | 37 ||| Stepping ~*~*~tactically~*~*~ (hiding).
   126 | D:1      | Reached XP level 2. HP: 15/17 MP: 6/6
   200 | D:1      | Reached skill level 3 in Axes
   361 | D:1      | 361 ||| Stepping ~*~*~tactically~*~*~ (hiding).
   760 | D:1      | Reached XP level 3. HP: 21/21 MP: 7/7
   843 | D:1      | 843 ||| UPGRADING to +0 ring mail.
   853 | D:1      | 853 ||| DROPPING +0 leather armour.
   854 | D:1      | 854 ||| READING scroll labelled VUT AXUIVYHOVE.
   855 | D:1      | 855 ||| DRINKING 3 white potions.
   856 | D:1      | 856 ||| DROPPING scroll of blinking.
   874 | D:2      | Reached skill level 4 in Axes
   952 | D:2      | 952 ||| Stepping ~*~*~tactically~*~*~ (stealth).
  1157 | D:2      | 1157 ||| Stepping ~*~*~tactically~*~*~ (stealth).
  1507 | D:2      | Reached XP level 4. HP: 26/26 MP: 8/8
  2165 | D:2      | Reached skill level 5 in Axes
  2184 | D:2      | 2184 ||| UPGRADING to +6 ring of strength.
  2185 | D:2      | 2185 ||| READING 4 scrolls labelled YHAD JIAGUGENG.
  2190 | D:2      | 2190 ||| READING scroll labelled FEJILOSCHAU.
  2191 | D:2      | 2191 ||| READING scroll labelled UFETEZ AHEGANK.
  2192 | D:2      | 2192 ||| READING scroll labelled RIALIHE VAEQ.
  2193 | D:2      | 2193 ||| DRINKING 4 purple potions.
  2222 | D:3      | 2222 ||| PLANNING SEWER
  2226 | D:3      | 2226 ||| Stepping ~*~*~tactically~*~*~ (stealth).
  2251 | D:3      | Found a glowing silver altar of Zin.
  2599 | D:3      | Gained mutation: Your magical nature lets you fly swiftly
                  | and evasively. [Tengu growth]
  2599 | D:3      | Reached XP level 5. HP: 30/30 MP: 9/9
  2636 | D:3      | 2636 ||| FLEEEEING.
  2637 | D:3      | 2637 ||| FLEEEEING.
  2638 | D:3      | 2638 ||| FLEEEEING.
  2639 | D:3      | 2639 ||| FLEEEEING.
  2641 | D:3      | 2641 ||| FLEEEEING.
  2642 | D:3      | 2642 ||| FLEEEEING.
  2643 | D:3      | 2643 ||| FLEEEEING.
  2644 | D:3      | 2644 ||| FLEEEEING.
  2645 | D:3      | 2645 ||| FLEEEEING.
  2646 | D:3      | 2646 ||| FLEEEEING.
  2647 | D:3      | 2647 ||| FLEEEEING.
  2648 | D:3      | 2648 ||| FLEEEEING.
  2649 | D:3      | 2649 ||| FLEEEEING.
  2650 | D:3      | 2650 ||| FLEEEEING.
  2651 | D:3      | 2651 ||| FLEEEEING.
  2652 | D:3      | 2652 ||| FLEEEEING.
  2658 | D:3      | 2658 ||| STAIRDANCE
  2658 | D:3      | HP: 7/30 [poisoned by a kobold]
  2894 | D:2      | 2894 ||| READING scroll labelled UPLAZIRPHE.
  2895 | D:2      | 2895 ||| DRINKING 2 fuming emerald potions.
  3000 | D:2      | 3000 ||| READING 2 scrolls of identify.
  3000 | D:2      | 3000 ||| IDENTIFYING emerald potion
  3001 | D:2      | 3001 ||| DROPPING potion of degeneration.
  3002 | D:2      | 3002 ||| DROPPING potion of berserk rage.
  3004 | D:3      | 3004 ||| RIP SEWER
  3005 | D:3      | 3005 ||| PLANNING D:1-11
  3012 | D:3      | 3012 ||| STAIRDANCE
  3153 | D:3      | Found a hazy altar of Hepliaklqana.
  3199 | D:3      | 3199 ||| Stepping ~*~*~tactically~*~*~ (stealth).
  3212 | D:3      | 3212 ||| Stepping ~*~*~tactically~*~*~ (stealth).
  3225 | D:3      | 3225 ||| Stepping ~*~*~tactically~*~*~ (stealth).
  3230 | D:3      | 3230 ||| Stepping ~*~*~tactically~*~*~ (hiding).
  3244 | D:3      | Reached skill level 6 in Axes
  3302 | D:3      | 3302 ||| Stepping ~*~*~tactically~*~*~ (stealth).
  3306 | D:3      | 3306 ||| Stepping ~*~*~tactically~*~*~ (stealth).
  3307 | D:3      | 3307 ||| Stepping ~*~*~tactically~*~*~ (stealth).
  3316 | D:3      | 3316 ||| Stepping ~*~*~tactically~*~*~ (stealth).
  3388 | D:3      | 3388 ||| READING 3 scrolls of teleportation.
  3407 | D:3      | 3407 ||| DROPPING +0 whip.
  3485 | D:3      | 3485 ||| READING 2 scrolls of teleportation.
  3678 | D:3      | 3678 ||| DROPPING +0 flail.
  3876 | D:3      | 3876 ||| READING scroll labelled USENUF ULIL.
  3877 | D:3      | 3877 ||| DRINKING 2 golden potions.
  3878 | D:3      | 3878 ||| READING 2 scrolls of identify.
  3878 | D:3      | 3878 ||| IDENTIFYING black potion
  3879 | D:3      | 3879 ||| DROPPING potion of lignification.
  3943 | D:4      | 3943 ||| READING scroll of enchant weapon.
  3943 | D:4      | 3943 ||| ENCHANTING +1 hand axe.
  4180 | D:4      | 4180 ||| FLEEEEING.
  4181 | D:4      | 4181 ||| FLEEEEING.
  4182 | D:4      | 4182 ||| FLEEEEING.
  4183 | D:4      | 4183 ||| FLEEEEING.
  4185 | D:4      | 4185 ||| FLEEEEING.
  4189 | D:4      | 4189 ||| FLEEEEING.
  4191 | D:4      | 4191 ||| FLEEEEING.
  4194 | D:4      | 4194 ||| FLEEEEING.
  4195 | D:4      | 4195 ||| FLEEEEING.
  4196 | D:4      | 4196 ||| FLEEEEING.
  4197 | D:4      | 4197 ||| FLEEEEING.
  4198 | D:4      | 4198 ||| FLEEEEING.
  4199 | D:4      | 4199 ||| FLEEEEING.
  4200 | D:4      | 4200 ||| FLEEEEING.
  4201 | D:4      | 4201 ||| FLEEEEING.
  4202 | D:4      | 4202 ||| FLEEEEING.
  4203 | D:4      | 4203 ||| FLEEEEING.
  4204 | D:4      | 4204 ||| FLEEEEING.
  4205 | D:4      | 4205 ||| FLEEEEING.
  4206 | D:4      | 4206 ||| FLEEEEING.
  4207 | D:4      | 4207 ||| FLEEEEING.
  4208 | D:4      | 4208 ||| FLEEEEING.
  4209 | D:4      | 4209 ||| FLEEEEING.
  4210 | D:4      | 4210 ||| FLEEEEING.
  4213 | D:4      | 4213 ||| FLEEEEING.
  4214 | D:4      | 4214 ||| FLEEEEING.
  4215 | D:4      | 4215 ||| FLEEEEING.
  4216 | D:4      | 4216 ||| FLEEEEING.
  4217 | D:4      | 4217 ||| FLEEEEING.
  4218 | D:4      | 4218 ||| FLEEEEING.
  4222 | D:4      | 4222 ||| STAIRDANCE
  4295 | D:4      | 4295 ||| STAIRDANCE
  4374 | D:4      | 4374 ||| Stepping ~*~*~tactically~*~*~ (stealth).
  4375 | D:4      | 4375 ||| Stepping ~*~*~tactically~*~*~ (stealth).
  4376 | D:4      | 4376 ||| Stepping ~*~*~tactically~*~*~ (stealth).
  4425 | D:4      | Noticed a phantom
  4430 | D:4      | Killed a phantom
  4431 | D:4      | Reached skill level 7 in Axes
  4431 | D:4      | Reached XP level 6. HP: 35/35 MP: 10/10
  4446 | D:4      | 4446 ||| Stepping ~*~*~tactically~*~*~ (stealth).
  4448 | D:4      | 4448 ||| Stepping ~*~*~tactically~*~*~ (hiding).
  4453 | D:4      | 4453 ||| DRINKING 4 potions of curing.
  4453 | D:4      | 4453 ||| (to cure confusion)
  4461 | D:4      | 4461 ||| FLEEEEING.
  4462 | D:4      | 4462 ||| FLEEEEING.
  4463 | D:4      | 4463 ||| FLEEEEING.
  4464 | D:4      | 4464 ||| FLEEEEING.
  4465 | D:4      | 4465 ||| FLEEEEING.
  4599 | D:4      | 4599 ||| Stepping ~*~*~tactically~*~*~ (stealth).
  4600 | D:4      | 4600 ||| Stepping ~*~*~tactically~*~*~ (stealth).
  4601 | D:4      | 4601 ||| Stepping ~*~*~tactically~*~*~ (stealth).
  4624 | D:4      | Reached skill level 3 in Fighting
  4745 | D:4      | Found a blossoming altar of Fedhas.
  4843 | D:4      | 4843 ||| READING 2 scrolls of identify.
  4843 | D:4      | 4843 ||| IDENTIFYING brown potion
  4844 | D:4      | 4844 ||| DROPPING potion of magic.
  4855 | D:5      | Entered Level 5 of the Dungeon
  4861 | D:5      | Noticed a sky beast
  4880 | D:5      | Killed a sky beast
  4881 | D:5      | Reached XP level 7. HP: 36/41 MP: 11/11
  4953 | D:5      | 4953 ||| Stepping ~*~*~tactically~*~*~ (stealth).
  4955 | D:5      | 4955 ||| Stepping ~*~*~tactically~*~*~ (stealth).
  4956 | D:5      | 4956 ||| Stepping ~*~*~tactically~*~*~ (stealth).
  4962 | D:5      | Reached skill level 8 in Axes
  4988 | D:5      | Reached skill level 3 in Dodging
  5001 | D:5      | 5001 ||| Stepping ~*~*~tactically~*~*~ (hiding).
  5013 | D:5      | HP: 9/41 [iguana (5)]
  5014 | D:5      | 5014 ||| READING 2 scrolls of teleportation.
  5015 | D:5      | 5015 ||| DRINKING 2 potions of heal wounds.
  5017 | D:5      | 5017 ||| Stepping ~*~*~tactically~*~*~ (stealth).
  5017 | D:5      | Noticed Prince Ribbit
  5185 | D:5      | Reached skill level 9 in Axes
  5185 | D:5      | Reached XP level 8. HP: 20/46 MP: 12/12
  5488 | D:5      | Found a staircase to the Ecumenical Temple.
  5489 | D:5      | 5489 ||| PLANNING TEMPLE
  5504 | D:5      | 5504 ||| UPGRADING to +0 scale mail.
  5514 | D:5      | 5514 ||| DROPPING +0 ring mail.
  5515 | D:5      | 5515 ||| DRINKING 2 smoky black potions.
  5515 | D:5      | Gained mutation: You have a pair of small horns on your
                  | head. [potion of mutation]
  5516 | D:5      | 5516 ||| READING 2 scrolls of identify.
  5516 | D:5      | 5516 ||| IDENTIFYING metallic silvery potion
  5517 | D:5      | 5517 ||| DROPPING potion of brilliance.
  5530 | Temple   | Entered the Ecumenical Temple
  5604 | Temple   | 5604 ||| PLANNING D:1-11
  5811 | D:5      | HP: 2/48 [Prince Ribbit (12)]
  5812 | D:5      | 5812 ||| READING scroll of teleportation.
  5813 | D:5      | 5813 ||| DRINKING potion of heal wounds.
  5913 | D:5      | 5913 ||| Stepping ~*~*~tactically~*~*~ (stealth).
  5914 | D:5      | 5914 ||| Stepping ~*~*~tactically~*~*~ (stealth).
  5923 | D:5      | Killed Prince Ribbit
  6230 | D:5      | Noticed Ijyb
  6257 | D:5      | Killed Ijyb
  6258 | D:5      | Reached skill level 10 in Axes
  6403 | D:5      | 6403 ||| Stepping ~*~*~tactically~*~*~ (hiding).
  6404 | D:5      | 6404 ||| Stepping ~*~*~tactically~*~*~ (hiding).
  6406 | D:5      | 6406 ||| Stepping ~*~*~tactically~*~*~ (hiding).
  6759 | D:5      | Noticed Blork the orc
  6763 | D:5      | Killed Blork the orc
  6918 | D:5      | 6918 ||| DROPPING ring of wizardry.
  6919 | D:5      | 6919 ||| READING 2 scrolls of identify.
  6919 | D:5      | 6919 ||| IDENTIFYING silvery potion
  6920 | D:5      | 6920 ||| DROPPING potion of invisibility.
  6960 | D:6      | 6960 ||| Stepping ~*~*~tactically~*~*~ (stealth).
  6964 | D:6      | 6964 ||| Stepping ~*~*~tactically~*~*~ (stealth).
  6981 | D:6      | 6981 ||| Stepping ~*~*~tactically~*~*~ (stealth).
  7013 | D:6      | HP: 3/49 [wight/+0 halberd (11)]
  7014 | D:6      | HP: 1/49 [wight/+2 morningstar of freezing (2)]
  7014 | D:6      | Slain by a wight

Levels and vault maps discovered:
D:1:      roderic_dead_forest, layout_basic, fountainhead
D:2:      layout_loops_corners, minmay_pentomino_x2
D:3:      layout_loops_cross, minitemple, gup_sewer_entry_glass
D:4:      layout_rooms, fedhas_ov_isle_minmay
D:5:      layout_layer_cave, minmay_temple_entry_drinking_statues,
          minmay_fractal_squares_5, uniq_ijyb, uniq_prince_ribbit1,
          uniq_blork_the_orc
D:6:      layout_basic
Temple:   compressed_dpeg_circular_temple

Skill      XL: |  1  2  3  4  5  6  7  8 |
---------------+-------------------------+-----
Axes           | 3 4 5 7 9 10 | 10.6
Fighting       | 3 5 |  5.0
Dodging        | 3 |  3.1
Armour         | 2 |  2.2
Throwing       | |  1.0
Spellcasting   | |  2.0
Translocations | |  2.4

Action                   |  1- 3 |  4- 6 |  7- 9 || total
-------------------------+-------+-------+-------++-------
Melee: Hand axe          |    64 |   178 |   116 ||   358
       Kick              |    17 |    36 |    39 ||    92
       Peck              |     6 |    12 |    22 ||    40
       Punch             |       |     1 |     1 ||     2
       Unarmed           |       |       |    24 ||    24
       Headbutt          |       |       |    10 ||    10
Throw: Boomerang         |     7 |       |     4 ||    11
  Use: Scroll            |     1 |    12 |     4 ||    17
       Potion            |     1 |     4 |     3 ||     8
Armor: Leather armour    |     4 |       |       ||     4
       Ring mail         |     7 |    46 |    12 ||    65
       Scale mail        |       |       |    13 ||    13
       Skin              |       |       |     1 ||     1
Dodge: Dodged            |    40 |    83 |    65 ||   188

Table legend:
 A = Non-vault XP
 B = Vault XP
 C = Vault XP percentage of total XP
 D = Non-vault monster count
 E = Vault monster count
 F = Vault count percentage of total count
                 A         B        C        D         E       F
            +---------+---------+-------+---------+---------+-------
      Total |    1745 |     612 |  26.0 |     112 |      12 |   9.7
            +---------+---------+-------+---------+---------+-------
        D:1 |      35 |       0 |   0.0 |      19 |       0 |   0.0
        D:2 |      66 |      14 |  17.5 |      17 |       1 |   5.6
        D:3 |     136 |       6 |   4.2 |      29 |       3 |   9.4
        D:4 |     355 |       0 |   0.0 |      23 |       0 |   0.0
        D:5 |     907 |     592 |  39.5 |      17 |       8 |  32.0
        D:6 |     246 |       0 |   0.0 |       7 |       0 |   0.0
            +---------+---------+-------+---------+---------+-------
